Map: [ESL] Stargazers

Players

ByuN - Winner!

  • Race: Terran Terran
  • Spawn Location: 11:00

Astrea

  • Race: Protoss Protoss
  • League: Master
  • Spawn Location: 1:00

Event: HomeStory Cup XXII

VOD

Have the link to the VOD?

Description

Time

  • Played on: Dec. 18, 2022, 8:07 a.m.
  • Length: 11:08

All games in this series

Show
View Real Time Build Order
Export as new Build Order

ByuN Terran - Winner!

Build Orders:  

Get SALT Encoding   

  12  0:00  SCV  
  13  0:12  SCV  
  14  0:17  Supply Depot  
  14  0:24  SCV  
  15  0:38  SCV  
  15  0:40  Barracks  
  15  0:42  Refinery  
  16  0:50  SCV  
  16  0:52  Refinery  
  17  1:03  SCV  
  18  1:08  Supply Depot  
  18  1:15  SCV  
  19  1:27  Reaper, Orbital Command  
  20  1:41  Factory  
  20  1:53  SCV  
  21  1:59  Reaper  
  22  2:05  SCV  
  23  2:17  SCV  
  23  2:19  Command Center  
  24  2:24  Hellion  
  26  2:33  Barracks Reactor, SCV  
  27  2:45  SCV  
  27  2:46  Starport  
  27  2:49  Supply Depot  
  28  2:55  Widow Mine  
  28  2:57  SCV  
  31  3:10  SCV  
  31  3:13  Marine x2  
  31  3:18  Widow Mine  
  35  3:22  SCV  
  35  3:26  Medivac  
  38  3:31  Marine x2  
  38  3:34  SCV  
  41  3:39  Orbital Command  
  41  3:40  Factory Tech Lab  
  38  3:46  SCV  
  39  3:49  Marine x2  
  39  3:52  Bunker  
  39  3:54  Supply Depot  
  41  3:58  SCV  
  42  4:04  Factory Tech Lab  
  42  4:05  SCV  
  42  4:07  Barracks  
  42  4:09  Marine x2  
  45  4:11  Raven  
  45  4:17  Supply Depot  
  47  4:19  SCV x2  
  47  4:23  Refinery  
  49  4:30  Marine x2  
  51  4:33  SCV x2  
  51  4:36  Siege Tank  
  56  4:42  Supply Depot  
  56  4:45  SCV x2  
  58  4:48  Marine x2  
  60  4:58  Supply Depot  
  61  5:01  SCV x2, Barracks  
  61  5:05  Engineering Bay, Marine  
  63  5:08  Siege Tank  
  63  5:11  Marine x2  
  68  5:16  Stimpack  
  68  5:18  SCV  
  68  5:19  SCV  
  70  5:23  Starport Reactor  
  70  5:28  Marine  
  70  5:29  Marine  
  70  5:30  SCV  
  70  5:32  SCV  
  70  5:33  Terran Infantry Weapons Level 1  
  74  5:41  Marine  
  74  5:42  SCV  
  74  5:44  SCV  
  74  5:46  Marine  
  74  5:50  Refinery  
  74  5:52  Factory Reactor  
  74  5:55  SCV  
  74  5:56  SCV  
  74  6:00  Supply Depot  
  72  6:04  Marauder  
  72  6:05  Marauder, Marine x2  
  72  6:06  Combat Shield  
  72  6:07  SCV  
  72  6:08  SCV  
  77  6:19  SCV  
  77  6:20  SCV, Medivac x2  
  77  6:24  Command Center  
  83  6:27  Marauder x2  
  83  6:30  Marine x2  
  86  6:35  Widow Mine x2  
  86  6:47  Marine  
  86  6:48  Marauder x2, Marine  
  86  6:54  Supply Depot  
  92  6:55  Medivac x2  
  92  6:57  Widow Mine x2  
  92  7:00  Barracks  
  100  7:05  Barracks  
  100  7:06  SCV x2  
  106  7:15  Marauder x2  
  106  7:18  SCV x2  
  108  7:30  Marine x2  
  108  7:32  Concussive Shells  
  108  7:35  SCV x2, Widow Mine x2  
  120  7:37  Marauder x2  
  120  7:40  Orbital Command  
  120  7:47  SCV x2  
  122  7:54  Marine x2  
  125  7:58  Marauder x2  
  125  8:05  Marine  
  125  8:13  SCV  
  125  8:14  SCV  
  125  8:18  Medivac, Widow Mine  
  125  8:20  Marauder x2  
  125  8:24  Marine  
  125  8:25  Barracks Tech Lab x2  
  125  8:28  SCV x2, Marine  
  118  8:40  SCV x2  
  116  8:41  Marauder  
  116  8:42  Marauder, Marine  
  116  8:44  SCV  
  116  8:45  Widow Mine  
  116  8:46  Marine  
  116  8:47  Medivac  
  116  8:48  Medivac  
  119  8:52  Refinery x2, SCV x2  
  119  8:54  Engineering Bay, Armory, Terran Infantry Armor Level 1  
  117  8:56  Marauder x2  
  117  9:01  Marine  
  117  9:02  Marauder, Marine  
  124  9:08  Supply Depot x2  
  125  9:11  Widow Mine x2  
  125  9:16  Medivac  
  129  9:18  Medivac  
  129  9:19  Marauder x2  
  129  9:21  Marauder  
  129  9:23  Marine x2  
  129  9:24  Marine  
  140  9:32  Widow Mine x2  
  142  9:40  Marine  
  131  9:46  Medivac, Marauder x2  
  131  9:47  Marine x2  
  131  9:48  Medivac  
  138  9:53  Widow Mine x2  
  132  10:01  Marauder x2  
  134  10:08  Marauder, Marine x2  
  134  10:09  Marine  
  135  10:15  Command Center, Widow Mine x2  
  135  10:16  Medivac  
  135  10:18  Medivac  
  143  10:22  Marauder x2  
  143  10:27  Missile Turret x2  
  147  10:32  Marauder x2  
  147  10:35  Marine x2  
  151  10:44  Marauder  
Show
View Real Time Build Order
Export as new Build Order

Astrea Protoss 

Build Orders: 1 Gate Expand, Blink Stalkers, Colossus Rush 

Get SALT Encoding   

  12  0:00  Probe  
  13  0:12  Probe  
  14  0:17  Pylon  
  14  0:24  Probe (Chrono Boost)  
  15  0:36  Probe (Chrono Boost)  
  15  0:37  Gateway  
  16  0:44  Probe (Chrono Boost)  
  16  0:47  Assimilator  
  17  0:51  Probe  
  18  1:03  Probe  
  19  1:15  Probe  
  20  1:23  Nexus  
  20  1:33  Cybernetics Core  
  20  1:36  Probe  
  21  1:41  Assimilator  
  21  1:48  Probe  
  21  1:50  Pylon  
  22  2:00  Probe  
  23  2:07  Adept (Chrono Boost)  
  23  2:10  Warp Gate  
  23  2:12  Probe  
  26  2:25  Probe  
  27  2:36  Probe  
  27  2:37  Probe  
  26  2:44  Stalker (Chrono Boost)  
  26  2:48  Probe  
  26  2:49  Probe  
  26  2:50  Twilight Council  
  30  3:00  Probe  
  30  3:01  Probe  
  32  3:12  Probe  
  31  3:13  Probe  
  31  3:17  Stalker (Chrono Boost)  
  31  3:18  Gateway  
  34  3:20  Probe  
  34  3:21  Blink (Chrono Boost)  
  34  3:25  Probe  
  36  3:28  Probe  
  36  3:37  Probe  
  36  3:39  Probe  
  36  3:46  Robotics Facility  
  36  3:49  Probe  
  36  3:51  Probe  
  36  3:55  Pylon  
  38  4:01  Probe, Stalker  
  41  4:03  Probe  
  42  4:13  Probe, Stalker  
  42  4:15  Probe  
  46  4:25  Nexus  
  46  4:28  Probe  
  46  4:29  Probe  
  48  4:32  Pylon  
  48  4:34  Observer  
  48  4:38  Assimilator  
  49  4:40  Probe  
  49  4:41  Probe  
  49  4:42  Assimilator  
  51  4:48  Robotics Bay  
  51  4:52  Probe  
  52  4:53  Probe  
  52  4:55  Stalker  
  55  5:02  Observer  
  55  5:04  Pylon  
  55  5:06  Probe (Chrono Boost)  
  58  5:07  Probe (Chrono Boost)  
  58  5:09  Stalker  
  58  5:13  Pylon  
  60  5:18  Probe (Chrono Boost)  
  60  5:19  Charge  
  62  5:21  Probe (Chrono Boost)  
  62  5:23  Probe (Chrono Boost)  
  63  5:29  Probe  
  63  5:32  Probe  
  65  5:36  Colossus (Chrono Boost)  
  65  5:41  Probe  
  71  5:44  Probe x2  
  66  5:53  Probe  
  66  5:56  Probe x2  
  67  6:02  Stalker x2  
  70  6:05  Probe  
  70  6:08  Probe x2  
  73  6:17  Probe  
  74  6:20  Colossus (Chrono Boost)  
  74  6:21  Probe x2  
  74  6:25  Extended Thermal Lance  
  80  6:30  Probe  
  81  6:33  Observer, Probe  
  81  6:34  Probe  
  81  6:35  Stalker x2  
  83  6:44  Probe  
  83  6:45  Probe, Pylon  
  83  6:46  Probe  
  82  6:56  Probe  
  82  6:57  Probe  
  82  6:59  Stalker x2  
  88  7:02  Colossus (Chrono Boost)  
  88  7:05  Shield Battery  
  88  7:07  Shield Battery  
  94  7:12  Probe  
  95  7:18  Gateway  
  95  7:19  Gateway  
  93  7:23  Gateway  
  93  7:26  Stalker x2  
  97  7:33  Pylon  
  97  7:35  Cybernetics Core, Pylon  
  97  7:43  Cybernetics Core  
  97  7:48  Disruptor (Chrono Boost)  
  92  8:20  Stalker x3  
  92  8:23  Probe  
  92  8:39  Disruptor (Chrono Boost)  
  92  8:41  Observer  
  83  8:42  Pylon x2  
  83  8:44  Probe x2  
  83  8:45  Shield Battery, Probe  
  82  8:56  Probe  
  82  8:57  Observer, Probe x2  
  82  8:59  Observer  
  82  9:02  Disruptor (Chrono Boost)  
  85  9:05  Nexus  
  85  9:08  Probe  
  85  9:09  Probe  
  91  9:10  Probe  
  91  9:11  Forge  
  91  9:12  Dark Shrine  
  91  9:21  Probe  
  91  9:22  Probe x2, Stalker x3  
  99  9:28  Gateway x2  
  99  9:29  Gateway  
  99  9:33  Probe  
  93  9:48  Zealot x3  
  93  9:49  Probe  
  92  9:59  Probe  
  82  10:00  Probe, Stalker x3  
  82  10:05  Observer (Chrono Boost)  
  89  10:12  Observer  
  87  10:15  Probe  
  87  10:20  Disruptor  
  91  10:30  Pylon  
  91  10:34  Zealot  
  93  10:37  Pylon x2  
  93  10:40  Probe  
  93  10:45  Stalker  
  93  10:46  Zealot x2  
Tags
 
Add a new tag
Caveats
  • Supply blocks, unpowered buildings, or Contaminate may cause inaccurate times.
  • Supply counts are checked every 10 seconds.